 Seeded DCSS version 0.28-a0-1624-g820543e (webtiles) character file.

Game seed: 7549285001242663159 (custom seed)

2 Geeful the Magician (level 1, 0/17 HPs)
             Began as a Djinni Arcane Marksman on Jan 23, 2022.
             Slain by a goblin (1 damage)
             ... on level 3 of the Dungeon.
             The game lasted 00:02:30 (287 turns).

Geeful the Magician (Djinni Arcane Marksman)         Turns: 287, Time: 00:02:31

Health: 0/17       AC:  2    Str:  9    XL:     1   Next: 44%
Gold:   0          EV: 12    Int: 14    God:
                   SH:  0    Dex: 13

rFire   + + .      SeeInvis .   f - +0 mace
rCold   x . .      Faith    .   (no shield)
rNeg    . . .      Spirit   .   a - +0 robe
rPois   ∞          Reflect  .   (no helmet)
rElec   .          Harm     .   (no cloak)
rCorr   .          Rampage  .   (no gloves)
Will    .....                   (boots unavailable)
Stlth   +.........              (no amulet)
HPRegen 0.05/turn               (no ring)
MPRegen 0.00/turn               (no ring)

@: flying
A: sickness immunity, fire resistance 2, cold vulnerability 1, float, innate
caster, hp casting, extra vitality 1
a: no special abilities


You were on level 3 of the Dungeon.
You visited 1 branch of the dungeon, and saw 3 of its levels.

Inventory:

Hand Weapons
 f - a +0 mace (weapon)
Missiles
 b - 5 javelins (quivered)
 c - 2 throwing nets
Armour
 a - a +0 robe (worn)
Scrolls
 e - a scroll of identify {unknown}
Potions
 d - 2 potions of brilliance {unknown}


   Skills:
 + Level 1.1 Fighting
 - Level 1.5 Throwing
 + Level 2.2 Dodging
 + Level 2.4 Spellcasting


You couldn't memorise any spells.
You knew the following spells:

 Your Spells              Type           Power      Damage    Failure   Level
a - Slow                  Hex            32%        N/A       9%          1
b - Inner Flame           Hex/Fire       8%         N/A       26%         3
c - Portal Projectile     Hex/Tloc       16%        N/A       26%         3
d - Cause Fear            Hex            4%         N/A       63%         4
Your spell library was empty.

Dungeon Overview and Level Annotations

Branches:
Dungeon (3/15)

Altars:


Innate Abilities, Weirdness & Mutations

You are immune to sickness and miasma.
You are immune to poison.
Your flesh is very heat resistant. (rF++)
You are vulnerable to cold. (rC-)
You float through the air rather than walking.
You learn spells naturally, not from books.
Your magical power is your life essence.
You have superior vitality. (+4 MHP)


Message History

A bat comes into view.
A bat comes into view.
Found a stone staircase leading down.
The bat closely misses you.
The goblin shouts!
The bat misses you. The bat closely misses you.
The bat hits you but does no damage. x2
The bat hits you but does no damage. The bat misses you.
A giant cockroach comes into view.
The bat hits you but does no damage. The bat hits you.
The bat barely misses you. The bat closely misses you.
The bat barely misses you. The bat barely misses you. x2
The bat closely misses you.
There is a stone staircase leading down here.
The goblin misses you.
You fly downwards.
There is a stone staircase leading up here.
Casting: Slow (safe; 9% risk of failure)
Confirm with . or Enter, or press ? or * to list all spells.
Aiming: Slow (safe; 9% risk of failure)
Press: ? - help, Shift-Dir - straight line, f - goblin
Aim: a goblin, wielding a +0 club (chance to affect: 63%)
The goblin seems to slow down.
You miss the goblin. The goblin hits you with a +0 club.
* * * LOW HITPOINT WARNING * * *
You barely miss the goblin. The goblin barely misses you.
You hit the goblin.
The goblin is moderately wounded.
The goblin hits you with a +0 club.
* * * LOW HITPOINT WARNING * * *
You barely miss the goblin.
The goblin is moderately wounded.
The goblin closely misses you.
You closely miss the goblin.
The goblin is moderately wounded.
The goblin barely misses you.
You barely miss the goblin.
The goblin is moderately wounded.
The goblin hits you with a +0 club.
You die...

# #### .....
#.####...##.
#...@g......
#..###...###
#. .## # #


You could see a goblin (slow).

Vanquished Creatures
  2 goblins (D:2)
  A rat (D:2)
3 creatures vanquished.

Notes
Turn   | Place    | Note
-------+----------+-------------------------------------------
     0 | D:1      | Geeful the Djinni Arcane Marksman began the quest for the
                  | Orb.
     0 | D:1      | Reached XP level 1. HP: 17/17 MP: 0/0
     9 | D:1      | You are sucked into a shaft and drop 1 floor!
   287 | D:3      | Slain by a goblin

Illustrated notes

Levels and vault maps discovered:
D:1:      ldierk_walled_garden, layout_loops_corners,
          shapermc_ecumenical_altar_mp_vishouse, minmay_octomino_j4
D:2:      layout_basic, serial_curves, eino_curves_04, eino_curves_01,
          serial_shops, shop, st_stairs_13
D:3:      wad_crossroads, layout_loops_ring, lemuel_doored_altar,
          minmay_quantized, uniq_natasha

Action                   || total
-------------------------++-------
Melee: Unarmed           ||    14
       Mace              ||     8
 Cast: Slow              ||    10
 Stab: Sleeping          ||     1
Armor: Robe              ||     7
Dodge: Dodged            ||    23

Table legend: (Time is in decaauts)
 A = Elapsed time spent in this place.
 B = Non-inter-level travel time spent in this place.
 C = Inter-level travel time spent in this place.
 D = Time resting spent in this place.
 E = Time spent auto-exploring this place.
 F = Levels seen in this place.
 G = Mean time per level.
                   A        B        C        D        E       F      G
               +--------+--------+--------+--------+--------+-----+--------+
         Total |    288 |    288 |      0 |     19 |    179 |   3 |   96.0 |
       Dungeon |    288 |    288 |      0 |     19 |    179 |   3 |   96.0 |
               +--------+--------+--------+--------+--------+-----+--------+

Top non-repeatable levels by time:
     D:2: 271 daAuts
     D:1: 9 daAuts
     D:3: 8 daAuts
